 Dungeon Crawl Stone Soup version 0.31.0-10-gcf4a605ca0 (webtiles) character file.

Game seed: 16938834355158648173

10653 rumournova the Spear-Bearer (level 11, -11/95 HPs)
             Began as a Black Draconian Wanderer on Jan 25, 2024.
             Was the Champion of Makhleb.
             Mangled by a large abomination (16 damage)
             ... on level 1 of the Abyss.
             The game lasted 00:46:00 (8233 turns).

rumournova the Spear-Bearer (DrWn)                  Turns: 8233, Time: 00:46:01

Health: -11/95     AC: 18    Str: 27    XL:     11   Next: 39%
Magic:  11/12      EV: 15    Int: 18    God:    Makhleb [******]
Gold:   379        SH: 10    Dex: 12    Spells: 11/12 levels left

rFire   . . .        e - +6 spear of Forchien {heavy, Fly rElec Str+4 Dex+3}
rCold   . . .        v - +1 kite shield
rNeg    . . .        (body armour unavailable)
rPois   +            (helmet restricted)
rElec   +            i - +2 cloak
rCorr   .            j - +2 pair of gloves
SInv    .            u - +0 pair of boots
Will    .....        d - amulet of faith
Stlth   +            k - +4 ring of protection
HPRegen 0.35/turn    s - +6 ring of strength
MPRegen 0.13/turn

%: faith
@: about to teleport, short of breath, flying
A: breathe lightning, AC +7, unfitting armour, electricity resistance,
cold-blooded, antennae 2, clever 1, poison resistance
a: Breathe Lightning, Renounce Religion, Minor Destruction, Lesser Servant of
Makhleb, Major Destruction, Greater Servant of Makhleb


You were on level 1 of the Abyss.
You worshipped Makhleb.
Makhleb was exalted by your worship.
You visited 1 branch of the dungeon, and saw 10 of its levels.
You visited the Abyss 1 time.

You collected 379 gold pieces.

Inventory:

Hand Weapons
 e - the +6 spear of Forchien (weapon) {heavy, Fly rElec Str+4 Dex+3}
   (You found it on level 2 of the Dungeon)

   Str+4:     It affects your strength (+4).
   Dex+3:     It affects your dexterity (+3).
   rElec:     It insulates you from electricity.
   Fly:       It grants you flight.
 g - a +9 scimitar of draining
Missiles
 l - 2 throwing nets
 m - 13 poisoned darts
 q - 6 atropa-tipped darts
Armour
 i - a +2 cloak (worn)
 j - a +2 pair of gloves (worn)
 u - a +0 pair of boots (worn)
 v - a +1 kite shield (worn)
Jewellery
 d - an amulet of faith (around neck)
 k - a +4 ring of protection (left hand)
 s - a +6 ring of strength (right hand)
 w - a ring of protection from cold
 x - a +4 ring of protection
Wands
 p - a wand of acid (7)
 r - a wand of polymorph (5)
 t - a wand of flame (28)
Scrolls
 f - 2 scrolls of teleportation
Potions
 a - 2 potions of might {unknown}
 b - a potion of berserk rage {unknown}
 h - 4 potions of brilliance
 n - a potion of enlightenment
 o - a potion of haste {unknown}


   Skills:
 * Level 8.7 Fighting
 * Level 11.0 Polearms
 - Level 3.4 Ranged Weapons
 * Level 9.8 Dodging
 + Level 5.2 Shields
 - Level 1.0 Spellcasting
 - Level 2.3 Ice Magic
 + Level 0.6 Invocations
 + Level 0.3 Evocations


You had 11 spell levels left.
You knew the following spells:

 Your Spells              Type           Power      Damage    Failure   Level
a - Freeze                Ice            36%        1d5       16%         1

Your spell library contained the following spells:

 Spells                   Type           Power      Damage    Failure   Level
 Kiss of Death            Conj/Necr      0%         2d5       36%         1
 Magic Dart               Conj           0%         1d3       36%         1
 Sandblast                Erth           0%         2d4       36%         1
 Ozocubu's Armour         Ice            9%         N/A       41%         3
 Searing Ray              Conj           0%         2d4       50%         2
 Call Canine Familiar     Summ           0%         N/A       75%         3
 Confusing Touch          Hex            0%         N/A       75%         3
 Passwall                 Erth           0%         N/A       75%         3
 Sigil of Binding         Hex            0%         N/A       75%         3
 Stone Arrow              Conj/Erth      0%         3d7       75%         3
 Brom's Barrelling Bould  Conj/Erth      0%         2d3       98%         4
 Dimensional Bullseye     Hex/Tloc       0%         N/A       98%         4
 Dispel Undead            Necr           0%         3d6       98%         4
 Fulminant Prism          Conj/Alch      0%         3d5       98%         4


Dungeon Overview and Level Annotations

Branches:
Dungeon (10/15)            Temple (0/1) D:7             Orc (0/2) D:9
   Lair: D:8-11

Altars:
Gozag
Makhleb
Sif Muna
Wu Jian

Annotations:
D:10 Sonja


Innate Abilities, Weirdness & Mutations

You can breathe wild blasts of lightning.
Your glossy black scales are hard. (AC +7)
You cannot fit into any form of body armour.
You are resistant to electric shocks. (rElec)
You are cold-blooded and may be slowed by cold attacks.
You have a pair of antennae on your head.
Your mind is acute. (Int +4, Str/Dex -1)
Your system is resistant to poisons. (rPois)


Message History

Strange energies course through your body.
A tentacle flies out from the starspawn's body!
The shadow dragon skeleton bites you.
* * * LOW HITPOINT WARNING * * *
You block the shadow dragon skeleton's attack.
The shadow dragon skeleton claws you.
* * * LOW HITPOINT WARNING * * *
A starspawn tentacle comes into view.
You impale the tentacled starspawn!!
You destroy the tentacled starspawn!
Makhleb accepts your kill.
You feel better.
The starspawn's tentacles wither and die.
Your Polearms skill increases to level 11!
Your Shields skill increases to level 5!
Unknown command.
You barely miss the large abomination.
The large abomination is severely damaged.
The neqoxec hits you.
* * * LOW HITPOINT WARNING * * *
The shadow dragon skeleton bites you but does no damage.
The shadow dragon skeleton closely misses you.
You block the shadow dragon skeleton's attack.
The large abomination misses you.
A sixfirhy comes into view.
As you read the scroll of teleportation, it crumbles to dust.
You feel strangely unstable.
You feel the power of the Abyss delaying your translocation!
You block the neqoxec's attack.
A laughing skull comes into view.
The large abomination barely misses you.
The shadow dragon skeleton bites you but does no damage.
The shadow dragon skeleton claws you!
* * * LOW HITPOINT WARNING * * *
You block the shadow dragon skeleton's attack.
You hit the large abomination.
You tail-slap the large abomination, but do no damage.
The large abomination is severely damaged.
You block the neqoxec's attack. The large abomination hits you!
You die...

#.##. #.#
.. . .. ###
# ...# ..
... #.
.#.#. #.#
#.#..3....#
....#..#
#33Z.#
{#@#, ##X#
{ z# #., #.
##


You could see a large abomination, a sixfirhy, 2 neqoxecs, a laughing skull and
a shadow dragon skeleton.

Vanquished Creatures
  A tentacled starspawn (Abyss:1)
  Erica (D:10)
  A centaur skeleton (Abyss:1)
  22 yaks
  Eustachio (D:4)
  2 vampire mosquitoes (D:7)
  Menkaure (D:7)
  An acid dragon (D:9)
  3 water moccasins
  An orc warrior (D:9)
  2 sky beasts (D:7)
  5 ice beasts
  A black bear (D:5)
  2 ogres
  2 centaurs (D:9)
  A phantom (D:4)
  A kobold brigand (D:4)
  A weeping skull (Abyss:1)
  2 bullfrogs
  4 scorpions (D:7)
  23 wights
  12 killer bees
  A quasit (Abyss:1)
  3 hounds
  A bombardier beetle (D:5)
  2 jellies (D:5)
  2 orc priests
  Crazy Yiuf (D:2)
  9 iguanas
  A sleepcap (D:5)
  Jessica (D:3)
  A gnoll bouda (D:6)
  Terence (D:3)
  3 orc wizards
  Natasha (thrice) (D:3)
  Robin (D:3)
  15 adders
  9 gnolls
  A shadow imp (D:7)
  3 dart slugs
  18 orcs
  11 ball pythons
  2 bats (D:1)
  8 endoplasms
  8 giant cockroaches
  21 goblins
  12 hobgoblins
  15 jackals
  A quokka (D:1)
  2 frilled lizards (D:4)
  10 kobolds
  5 rats
  3 butterflies (D:7)
  2 starspawn tentacles (Abyss:1)
266 creatures vanquished.

Vanquished Creatures (collateral kills)
  An orc wizard (D:9)
  3 orcs (D:9)
4 creatures vanquished.

Vanquished Creatures (others)
  22 starspawn tentacles (Abyss:1)
22 creatures vanquished.

Grand Total: 292 creatures vanquished

Notes
Turn   | Place    | Note
-------+----------+-------------------------------------------
     0 | D:1      | rumournova the Draconian Wanderer began the quest for the
                  | Orb.
     0 | D:1      | rumournova set off with the following items: a +2 sling, a
                  | +0 pair of gloves, a scroll of fear; and the following
                  | spell memorised: Freeze; and the following spells available
                  | to memorise: Ozocubu's Armour.
     0 | D:1      | Reached XP level 1. HP: 17/17 MP: 2/2
   173 | D:1      | Reached XP level 2. HP: 22/25 MP: 3/3
   406 | D:1      | Reached XP level 3. HP: 28/30 MP: 4/4
   707 | D:2      | Found a faded altar of an unknown god.
   716 | D:2      | Identified the +6 spear of Forchien {heavy, Fly rElec Str+4
                  | Dex+3}
   721 | D:2      | Prayed at the altar of an unknown god.
   721 | D:2      | Became a worshipper of Makhleb the Destroyer
   721 | D:2      | Reached * piety under Makhleb
   827 | D:2      | Found an ornate altar of the Wu Jian Council.
   858 | D:2      | Reached skill level 1 in Polearms
   889 | D:2      | Reached XP level 4. HP: 33/37 MP: 5/5
  1080 | D:2      | Reached skill level 2 in Polearms
  1215 | D:2      | Reached XP level 5. HP: 41/45 MP: 6/6
  1460 | D:2      | Found a runed translucent door.
  1461 | D:2      | Noticed Crazy Yiuf
  1635 | D:2      | Killed Crazy Yiuf
  1798 | D:3      | Noticed an ogre
  1798 | D:3      | Found a shimmering blue altar of Sif Muna.
  1800 | D:3      | Noticed Terence
  1805 | D:3      | Killed an ogre
  1805 | D:3      | Reached ** piety under Makhleb
  1806 | D:3      | Reached skill level 3 in Polearms
  1806 | D:3      | Reached XP level 6. HP: 51/51 MP: 7/7
  1811 | D:3      | Killed Terence
  1989 | D:3      | Noticed Natasha
  1998 | D:3      | Killed Natasha
  2140 | D:3      | Noticed Natasha
  2147 | D:3      | Killed Natasha
  2154 | D:3      | Reached skill level 4 in Polearms
  2315 | D:3      | Noticed Natasha
  2326 | D:3      | Killed Natasha
  2487 | D:3      | Noticed Robin
  2491 | D:3      | Noticed Jessica
  2492 | D:3      | Reached *** piety under Makhleb
  2497 | D:3      | Killed Jessica
  2507 | D:3      | Killed Robin
  2676 | D:4      | Noticed Eustachio
  2681 | D:4      | Killed Eustachio
  2682 | D:4      | Reached skill level 5 in Polearms
  2682 | D:4      | Your scales start taking on a glossy black colour.
  2682 | D:4      | Reached XP level 7. HP: 44/59 MP: 8/8
  2682 | D:4      | Gained mutation: You are resistant to electric shocks.
                  | (rElec) [Black Draconian growth]
  2926 | D:4      | Reached **** piety under Makhleb
  3087 | D:4      | Reached skill level 1 in Shields
  3391 | D:5      | Entered Level 5 of the Dungeon
  3442 | D:5      | Reached skill level 6 in Polearms
  3442 | D:5      | Reached XP level 8. HP: 56/67 MP: 9/9
  3649 | D:5      | Reached skill level 5 in Dodging
  3852 | D:5      | Reached skill level 5 in Fighting
  3909 | D:5      | Identified the +6 whip "Uberr" {freeze, rElec rC+ Int+4}
  4273 | D:6      | Reached skill level 7 in Polearms
  4331 | D:6      | Reached XP level 9. HP: 13/72 MP: 10/10
  4335 | D:6      | Reached ***** piety under Makhleb
  4861 | D:6      | Reached skill level 8 in Polearms
  5208 | D:6      | Gained mutation: Your system is resistant to poisons.
                  | (rPois) [potion of mutation]
  5208 | D:6      | Gained mutation: You have a pair of small antennae on your
                  | head. [potion of mutation]
  5208 | D:6      | Gained mutation: You have a pair of antennae on your head.
                  | [potion of mutation]
  5208 | D:6      | Gained mutation: Your mind is acute. (Int +4, Str/Dex -1)
                  | [potion of mutation]
  5282 | D:7      | Reached skill level 9 in Polearms
  5364 | D:7      | Found a staircase to the Ecumenical Temple.
  5460 | D:7      | Noticed Menkaure
  5469 | D:7      | Killed Menkaure
  5488 | D:7      | Reached XP level 10. HP: 47/86 MP: 11/11
  5678 | D:7      | Found a runed translucent door.
  5687 | D:7      | Found a runed translucent door.
  6198 | D:7      | Found an opulent altar of Gozag.
  6524 | D:8      | Reached skill level 10 in Polearms
  6951 | D:8      | Reached ****** piety under Makhleb
  7466 | D:9      | Reached XP level 11. HP: 74/94 MP: 12/12
  7534 | D:9      | Found a staircase to the Orcish Mines.
  7805 | D:10     | Entered Level 10 of the Dungeon
  7873 | D:10     | Noticed Erica
  7881 | D:10     | Killed Erica
  8042 | D:10     | Noticed Sonja
  8052 | Abyss:1  | Cast into level 1 of the Abyss (Sonja)
  8133 | Abyss:1  | Noticed a tentacled starspawn
  8175 | Abyss:1  | Noticed a large abomination
  8223 | Abyss:1  | Noticed a large abomination
  8228 | Abyss:1  | HP: 2/95 [bounced beam (4)]
  8230 | Abyss:1  | Killed a tentacled starspawn
  8231 | Abyss:1  | Reached skill level 11 in Polearms
  8231 | Abyss:1  | Reached skill level 5 in Shields
  8232 | Abyss:1  | Noticed a sixfirhy
  8233 | Abyss:1  | Mangled by a large abomination

Illustrated notes

Levels and vault maps discovered:
D:1:      amcnicky_arrival_abandoned_market, layout_rooms, moated_statue,
          minmay_pentomino_u2
D:2:      layout_loops_ring, basic_altar, nicolae_ecumenical_snake_handling,
          kennysheep_generic_room_10, uniq_crazy_yiuf_cottage
D:3:      wander_river, layout_loops_ring,
          mainiacjoe_overflow_concentric_impassable, hex_tiny,
          amcnicky_mini_rare_corridor_liquid, st_stairs_4, uniq_terence,
          uniq_natasha, uniq_robin, uniq_jessica
D:4:      minmay_octagon_keep, layout_layer_cave, lexackson_kobold_supper,
          uniq_eustachio
D:5:      layout_loops_ring
D:6:      layout_cave_pools, hangedman_decor_points
D:7:      lemuel_insect_pit, layout_loops_ring, lemuel_tele_altar,
          minmay_temple_entry_drinking_statues, uniq_menkaure
D:8:      layout_basic
D:9:      layout_rooms, orc_0_dummy
D:10:     layout_loops_ring, chequers_temple_overflow_statue_of_worship,
          nrook_pool_corridor, uniq_sonja, uniq_erica, uniq_fannar
Abyss:1:  base: D:8, evilmike_abyss_exit_1

Skill      XL: |  1  2  3  4  5  6  7  8  9 10 11 |
---------------+----------------------------------+-----
Ranged Weapons | 3 |  3.4
Dodging        | 2 3 4 5 7 9 |  9.8
Polearms       | 1 2 3 5 6 7 9 10 11 | 11.0
Fighting       | 3 4 5 7 8 |  8.7
Shields        | 1 2 3 4 5 |  5.2
Spellcasting   | |  1.0
Ice Magic      | |  2.3
Invocations    | |  0.6
Evocations     | |  0.3

Action                     |  1- 3 |  4- 6 |  7- 9 | 10-12 || total
---------------------------+-------+-------+-------+-------++-------
  Melee: Spear             |    86 |   129 |   293 |   263 ||   771
         Tailslap          |     8 |    14 |    38 |    39 ||    99
         Punch             |     1 |     1 |       |       ||     2
   Fire: Sling             |     4 |       |       |       ||     4
 Invoke: Minor Destruction |       |       |     1 |       ||     1
         Lesser Servant of |       |       |       |     1 ||     1
Ability: Breathe Lightning |       |       |     1 |     1 ||     2
  Evoke: Wand              |       |       |       |     2 ||     2
    Use: Scroll            |     3 |     2 |    12 |     8 ||    25
         Potion            |     2 |       |     4 |     3 ||     9
   Stab: Sleeping          |       |     1 |       |     1 ||     2
 Armour: Skin              |    85 |   136 |   207 |   183 ||   611
  Dodge: Dodged            |    92 |   149 |   181 |   200 ||   622
  Block: Buckler           |       |    21 |    89 |    29 ||   139
         Kite shield       |       |       |       |   166 ||   166
